 Dungeon Crawl Stone Soup version 0.23-a0-612-gcb482e9 (webtiles) character file.

312 zishaf the Cutter (level 6, 0/39 HPs)
             Began as a Halfling Warper on Dec 22, 2018.
             Was an Initiate of Qazlal.
             Slain by an orc priest
             ... wielding a +0 short sword
              (3 damage)
             ... on level 3 of the Dungeon.
             The game lasted 00:11:57 (5643 turns).

zishaf the Cutter (Halfling Warper)                 Turns: 5643, Time: 00:11:57

Health: 0/39       AC:  5    Str: 13    XL:     6   Next: 70%
Magic:  0/9        EV: 14    Int: 11    God:    Qazlal [......]
Gold:   198        SH:  0    Dex: 15    Spells: 5/9 levels left

rFire    . . .     SeeInvis .   a - +0 short sword
rCold    . . .     Gourm    +   (shield restricted)
rNeg     . . .     Faith    .   w - +0 ring mail
rPois    .         Spirit   +   (no helmet)
rElec    .         Reflect  .   l - scarf {Spirit}
rCorr    .         Harm     .   (no gloves)
MR       .....                  (no boots)
Stlth    +++.......             u - amulet of the gourmand
HPRegen  0.13/turn              s - ring of stealth
MPRegen  0.11/turn              (no ring)

@: no status effects
A: small, mutation resistance 1
a: Renounce Religion


You were on level 3 of the Dungeon.
You worshipped Qazlal.
Qazlal was noncommittal.
You were completely stuffed.

You visited 1 branch of the dungeon, and saw 4 of its levels.

You collected 198 gold pieces.

Inventory:

Hand Weapons
 a - a +0 short sword (weapon)
 D - a +0 blowgun
Missiles
 e - 105 stones (quivered)
 h - 49 sling bullets
 y - 2 tomahawks
 C - 36 poisoned needles
Armour
 b - a +0 leather armour
 l - a scarf of spirit shield (worn)
 r - a +0 chain mail
 w - a +0 ring mail (worn)
Jewellery
 p - an uncursed amulet of faith
 s - a ring of stealth (left hand)
 u - an amulet of the gourmand (around neck)
Scrolls
 c - a scroll of random uselessness {unknown}
 d - 3 scrolls of blinking
 j - 2 scrolls of immolation {unknown}
 k - 2 scrolls of enchant weapon {unknown}
 m - 2 scrolls of remove curse
 n - a scroll of amnesia {unknown}
 o - 2 scrolls of teleportation
 q - a scroll of fog {unknown}
 t - 4 scrolls of identify
 A - a scroll of magic mapping {unknown}
Potions
 g - 4 potions of curing
 i - a potion of ambrosia
 v - 2 potions of flight
 x - 3 potions of degeneration {unknown}
 z - a potion of agility {unknown}
Comestibles
 f - 7 rations


   Skills:
 - Level 2.0 Fighting
 + Level 4.1 Short Blades
 - Level 1.1 Throwing
 + Level 2.4 Armour
 - Level 3.3 Dodging
 + Level 2.6 Stealth
 - Level 2.0 Spellcasting
 + Level 2.3 Charms
 + Level 4.1 Translocations


You had 5 spell levels left.
You knew the following spells:

 Your Spells              Type           Power        Failure   Level  Hunger
a - Blink                 Tloc           N/A          17%         2    ###....
b - Shroud of Golubria    Chrm/Tloc      #.........   24%         2    ###....

Your spell library contained the following spells:

 Spells                   Type           Power        Failure   Level  Hunger
 Gell's Gravitas          Tloc           ##........   32%         3    ####...
 Lesser Beckoning         Tloc           ##........   32%         3    ####...
 Teleport Other           Tloc           ##......     32%         3    ####...
 Passage of Golubria      Tloc           N/A          73%         4    #####..


Dungeon Overview and Level Annotations

Branches:
Dungeon (4/15)
 Temple: D:4-7

Altars:
Fedhas
Qazlal
Vehumet
Wu Jian

Shops:
D:4 =

Annotations:
D:1 exclusion: downstairs
D:2 1 runed door
D:4 exclusion: ogre


Innate Abilities, Weirdness & Mutations

You are small and have problems with some larger weapons.
You are somewhat resistant to further mutation.


Message History

You see here a stone.
The orc priest casts a cantrip, but nothing happens.
The orc throws a stone.
The stone barely misses you. The orc priest misses you.
A mysterious force pulls you upwards. The hatch slams shut behind you.
You hit the orc priest.
The orc priest is moderately wounded.
You feel sick.
The orc priest hits you with a +0 short sword.
* * * LOW HITPOINT WARNING * * *
You feel better.
The orc priest hits you with a +0 short sword.
* * * LOW HITPOINT WARNING * * *
You hit the orc priest.
The orc priest is moderately wounded.
The orc priest hits you with a +0 short sword.
* * * LOW HITPOINT WARNING * * *
You barely miss the orc priest.
The orc priest is moderately wounded.
The orc priest hits you with a +0 short sword.
You die...

....#######.#....#.#.# #.#
..............#....#.# #.#
...########'#+#....#.## #.#
...#...............#..#########.#
...#.............#.#............#
...#.............#+##..##########
...####..##'#'#..........#
########.##.#............#
#####....##.###.@o.....>.#
....g....##..............#
..g.############.........#
.####....# #.........# ..)..gg..#
########### ..).####.# #####....#
....g....# ...g######


You could see an orc priest.

Vanquished Creatures
  A centaur (D:2)
  A worker ant (D:4)
  6 gnolls
  4 adders
  3 worms
  2 dart slugs (D:1)
  2 leopard geckos (D:1)
  11 orcs (D:3)
  A ball python (D:1)
  5 giant cockroaches
  8 goblins
  8 hobgoblins
  8 jackals
  2 quokkas
  7 bats
  4 frilled lizards
  8 kobolds
  5 rats
  A fungus (D:2)
87 creatures vanquished.

Notes
Turn   | Place    | Note
-------+----------+-------------------------------------------
     0 | D:1      | zishaf the Halfling Warper began the quest for the Orb.
     0 | D:1      | Reached XP level 1. HP: 14/14 MP: 3/3
   201 | D:1      | Reached XP level 2. HP: 2/19 MP: 4/4
   747 | D:1      | Reached XP level 3. HP: 19/24 MP: 5/5
   756 | D:1      | Learned a level 2 spell: Blink
   759 | D:1      | Learned a level 2 spell: Shroud of Golubria
  1485 | D:2      | Found an ornate altar of the Wu Jian Council.
  1596 | D:2      | Reached XP level 4. HP: 11/29 MP: 4/6
  2521 | D:2      | Reached skill level 1 in Charms
  2987 | D:2      | Reached skill level 1 in Stealth
  2987 | D:2      | Reached XP level 5. HP: 14/34 MP: 5/8
  3004 | D:2      | HP: 1/34 [adder (1)]
  3459 | D:2      | Noticed a centaur
  3488 | D:2      | Killed a centaur
  3488 | D:2      | Reached XP level 6. HP: 6/39 MP: 0/9
  3844 | D:2      | Found a runed door.
  3916 | D:3      | Found a radiant altar of Vehumet.
  5359 | D:4      | Found Guipose's Jewellery Shoppe.
  5359 | D:4      | Noticed an ogre
  5379 | D:4      | Found a blossoming altar of Fedhas.
  5379 | D:4      | Found a stormy altar of Qazlal.
  5473 | D:4      | Became a worshipper of Qazlal Stormbringer
  5643 | D:3      | Slain by an orc priest

Vault maps used:
D:1:      minmay_arrival_doors, serial_bayou_ford_a, minmay_misc_feat_diagonals
D:2:      nicolae_overflow_crystal_walls, minmay_hexomino_f4,
          uniq_crazy_yiuf_cottage
D:3:      minmay_angry_zag, lemuel_crystal_altar
D:4:      grunt_temple_overflow_forces_of_nature, kennysheep_mini,
          gammafunk_ghost_cemetery, serial_shops, nicolae_shop_trees,
          first_ration

Skill      XL: |  1  2  3  4  5  6 |
---------------+-------------------+-----
Fighting       | 2 |  2.0
Short Blades   | 3 4 |  4.1
Spellcasting   | 2 |  2.0
Armour         | 2 |  2.4
Charms         | 1 2 |  2.3
Stealth        | 1 2 |  2.6
Dodging        | 3 |  3.3
Translocations | 4 |  4.1
Throwing       | |  1.1

Action                   |  1- 3 |  4- 6 || total
-------------------------+-------+-------++-------
Melee: Short sword       |   155 |   344 ||   499
Throw: Tomahawk          |     5 |       ||     5
       Stone             |       |    18 ||    18
 Cast: Shroud of Golubri |       |     6 ||     6
       Blink             |       |     2 ||     2
  Use: Scroll            |       |     4 ||     4
       Potion            |       |     4 ||     4
 Stab: Sleeping          |     1 |     1 ||     2
  Eat: Chunk             |     2 |    19 ||    21
       Ration            |       |     1 ||     1
Armor: Leather armour    |    19 |     9 ||    28
       Ring mail         |       |    35 ||    35
Dodge: Dodged            |   102 |   236 ||   338

Table legend:
 A = Non-vault XP
 B = Vault XP
 C = Vault XP percentage of total XP
 D = Non-vault monster count
 E = Vault monster count
 F = Vault count percentage of total count
                 A         B        C        D         E       F
            +---------+---------+-------+---------+---------+-------
      Total |     426 |      20 |   4.5 |      77 |       9 |  10.5
            +---------+---------+-------+---------+---------+-------
        D:1 |      63 |       0 |   0.0 |      27 |       0 |   0.0
        D:2 |     222 |       6 |   2.6 |      17 |       3 |  15.0
        D:3 |      96 |      14 |  12.7 |      28 |       6 |  17.6
        D:4 |      45 |       0 |   0.0 |       5 |       0 |   0.0
            +---------+---------+-------+---------+---------+-------
